ORI
UNIVERSITY OF FLORIDA GATORS @ UNIVERSITY OF MAINE BLACK BEARS
12/15/2045
 
TOP OF THE 1ST
University of Florida Gators batting - Pitching for University of Maine Black Bears : LHP Keith Rogers
Pitching: LHP Keith Rogers
Batting: RHB Kazumi Inouye 0-0: Called Strike
0-1: Called Strike
0-2: Ball
1-2: Ball
2-2: Strikes out swinging
Batting: RHB Marco Morales 0-0: Called Strike
0-1: Called Strike
0-2: Foul Ball, location: 2F
0-2: Ball
1-2: Ball
2-2: Foul Ball, location: 2F
2-2: Ball
3-2: Base on Balls
Batting: RHB Mike Stein 0-0: Foul Ball, location: 2F
0-1: Ball
Marco Morales steals 2nd base
1-1: Foul Ball, location: 2F
1-2: Ball
2-2: Strikes out swinging
Batting: RHB Martin Dudley 0-0: Ball
1-0: Ball
2-0: Ball
3-0: Called Strike
3-1: Called Strike
3-2: 2-RUN HOME RUN (Flyball, 78XD, EV 113.1 MPH), Distance : 436 ft
Batting: RHB Troy Bush 0-0: Swinging Strike
0-1: SINGLE (Flyball, 89S, EV 99.4 MPH)
Batting: LHB Ivan Alvarez 0-0: Called Strike
0-1: Ball
1-1: Foul Ball, location: 2F
1-2: Ball
2-2: Foul Ball, location: 2F
2-2: Ground out U3 (Groundball, 3, EV 103.1 MPH)
Top of the 1st over - 2 runs, 2 hits, 0 errors, 1 left on base; University of Florida 2 - University of Maine 0
BOTTOM OF THE 1ST
University of Maine Black Bears batting - Pitching for University of Florida Gators : RHP Pete Griesser
Pitching: RHP Pete Griesser
Batting: SHB Jeremy Milner 0-0: Ball
1-0: Ground out 5-3 (Groundball, 56, EV 86.2 MPH)
Batting: RHB Dennis Waters 0-0: Ball
1-0: Ball
2-0: Swinging Strike
2-1: Foul Ball, location: 2F
2-2: Foul Ball, location: 2F
2-2: Ball
3-2: Base on Balls
Batting: RHB Jay Mellon 0-0: Ball
1-0: Called Strike
1-1: Foul Ball, location: 2F
1-2: Strikes out swinging
Batting: RHB Geoffrey Potter 0-0: Ball
1-0: Ball
2-0: Ball
3-0: Called Strike
3-1: Foul Ball, location: 2F
3-2: Foul Ball, location: 2F
3-2: SINGLE (Line Drive, 4MD, EV 98.1 MPH)
Dennis Waters to second
Dennis Waters to third
Batting: RHB Colin Morris 0-0: Called Strike
0-1: Called Strike
0-2: Ball
1-2: Fly out, F7 (Flyball, 78D, EV 95.6 MPH)
Bottom of the 1st over - 0 runs, 1 hit, 0 errors, 2 left on base; University of Florida 2 - University of Maine 0
TOP OF THE 2ND
University of Florida Gators batting - Pitching for University of Maine Black Bears : LHP Keith Rogers
Batting: RHB Ryan Jennings 0-0: Ball
1-0: Foul Ball, location: 2F
1-1: Reached on error, E5 (Groundball, 5, EV 96.9 MPH)
Batting: LHB Kuan Hsia 0-0: Foul Ball, location: 2F
0-1: Ball
1-1: Ball
2-1: Foul Ball, location: 2F
2-2: SINGLE (Groundball, 34D, EV 104.4 MPH)
Ryan Jennings to third
Batting: RHB Marc Miles 0-0: Bunt missed!
0-1: Bunt missed!
0-2: Bunted foul, Strikeout!
Batting: RHB Kazumi Inouye 0-0: Ball
1-0: Called Strike
1-1: Called Strike
1-2: SINGLE (Groundball, 56, EV 95.0 MPH)
Ryan Jennings scores
Kuan Hsia to second
Batting: RHB Marco Morales 0-0: Fielders Choice at 2nd, 4-6 (Groundball, 4M, EV 89.4 MPH)
Kuan Hsia to third
Batting: RHB Mike Stein 0-0: SINGLE (Groundball, 56D, EV 99.4 MPH)
Kuan Hsia scores
Marco Morales to second
Runner from 2nd tries for 3rd, SAFE, throw by LF made to third
Batting: RHB Martin Dudley 0-0: Called Strike
0-1: Ball
1-1: Ball
2-1: Ball
3-1: Base on Balls
Mike Stein to second
Batting: RHB Troy Bush 0-0: Ball
1-0: Ball
2-0: Foul Ball, location: 2F
2-1: Foul Ball, location: 2F
2-2: SINGLE (Groundball, 56D, EV 95.6 MPH)
Marco Morales scores
Mike Stein to third
Martin Dudley to second
Runner from 3rd tries for Home, SAFE, throw by LF to home
Batting: LHB Ivan Alvarez 0-0: Ball
1-0: Ground out 6-3 (Groundball, P, EV 83.8 MPH)
Top of the 2nd over - 4 runs, 4 hits, 1 error, 2 left on base; University of Florida 6 - University of Maine 0
BOTTOM OF THE 2ND
University of Maine Black Bears batting - Pitching for University of Florida Gators : RHP Pete Griesser
Batting: RHB Bobby Leon 0-0: Called Strike
0-1: Called Strike
0-2: Strikes out swinging
Batting: RHB Mark Cozens 0-0: Swinging Strike
0-1: Ground out 5-3 (Groundball, 56, EV 82.5 MPH)
Batting: RHB Geoffrey Gonzalez 0-0: Ball
1-0: Foul Ball, location: 2F
1-1: Swinging Strike
1-2: Fly out, F8 (Line Drive, 78D, EV 93.8 MPH)
Bottom of the 2nd over - 0 runs, 0 hits, 0 errors, 0 left on base; University of Florida 6 - University of Maine 0
TOP OF THE 3RD
University of Florida Gators batting - Pitching for University of Maine Black Bears : LHP Keith Rogers
Pitching: LHP Carlos Rivera
Batting: RHB Ryan Jennings 0-0: Ball
1-0: Foul Ball, location: 2F
1-1: Foul Ball, location: 2F
1-2: Ball
2-2: Reached on error, E5 (Groundball, 5S, EV 88.8 MPH)
Batting: LHB Kuan Hsia Balk!
Ryan Jennings to third
0-0: Foul Ball, location: 2F
0-1: Ball
1-1: Ground out U3 (Groundball, 34S, EV 85.0 MPH)
Ryan Jennings scores
Batting: RHB Marc Miles 0-0: Swinging Strike
0-1: Ball
1-1: Swinging Strike
1-2: Ball
2-2: Ground out U3 (Groundball, 34S, EV 90.6 MPH)
Batting: RHB Kazumi Inouye 0-0: Ball
1-0: Ball
2-0: Foul Ball, location: 2F
2-1: Ground out 2-3 (Groundball, 15S, EV 68.8 MPH)
Top of the 3rd over - 1 run, 0 hits, 1 error, 0 left on base; University of Florida 7 - University of Maine 0
BOTTOM OF THE 3RD
University of Maine Black Bears batting - Pitching for University of Florida Gators : RHP Pete Griesser
Batting: LHB Taro Inamine 0-0: Foul Ball, location: 2F
0-1: Foul Ball, location: 2F
0-2: Ball
1-2: Foul Ball, location: 2F
1-2: Strikes out looking
Batting: SHB Jeremy Milner 0-0: Called Strike
0-1: Called Strike
0-2: Ground out 4-3 (Groundball, 4, EV 81.9 MPH)
Batting: RHB Dennis Waters 0-0: Foul Ball, location: 2F
0-1: Swinging Strike
0-2: Strikes out looking
Bottom of the 3rd over - 0 runs, 0 hits, 0 errors, 0 left on base; University of Florida 7 - University of Maine 0
TOP OF THE 4TH
University of Florida Gators batting - Pitching for University of Maine Black Bears : LHP Carlos Rivera
Batting: RHB Marco Morales 0-0: Ground out 3-1 (Groundball, 34, EV 88.8 MPH)
Batting: RHB Mike Stein 0-0: Foul Ball, location: 2F
0-1: Hit by Pitch
Batting: RHB Martin Dudley 0-0: Foul Ball, location: 2F
0-1: Ball
1-1: Fly out, F7 (Flyball, 7S, EV 96.2 MPH)
Batting: RHB Troy Bush 0-0: Ball
1-0: Ball
2-0: SINGLE (Line Drive, 4M, EV 95.6 MPH)
Mike Stein to second
Runner from 2nd tries for 3rd, SAFE, no throw by CF
Batting: LHB Ivan Alvarez 0-0: Ball
1-0: Foul Ball, location: 2F
1-1: Called Strike
1-2: Ball
2-2: Ball
3-2: Base on Balls
Troy Bush to second
Batting: RHB Ryan Jennings 0-0: SINGLE (Groundball, 56D, EV 108.1 MPH)
Mike Stein scores
Troy Bush to third
Ivan Alvarez to second
Runner from 3rd tries for Home, SAFE, throw by LF to home
Batting: LHB Kuan Hsia 0-0: Ball
1-0: Swinging Strike
1-1: Ball
2-1: Called Strike
2-2: Ground out 1-3 (Groundball, 13, EV 65.0 MPH)
Top of the 4th over - 2 runs, 2 hits, 0 errors, 2 left on base; University of Florida 9 - University of Maine 0
BOTTOM OF THE 4TH
University of Maine Black Bears batting - Pitching for University of Florida Gators : RHP Pete Griesser
Batting: RHB Jay Mellon 0-0: Called Strike
0-1: Swinging Strike
0-2: Ball
1-2: Ball
2-2: Foul Ball, location: 2F
2-2: Ball
3-2: Base on Balls
Batting: RHB Geoffrey Potter 0-0: Fly out, F9 (Flyball, 89M, EV 81.9 MPH)
Batting: RHB Colin Morris 0-0: Ball
1-0: Called Strike
1-1: Foul Ball, location: 2F
1-2: Ball
Jay Mellon steals 2nd base
2-2: Ball
3-2: Strikes out looking
Batting: RHB Bobby Leon 0-0: Ball
1-0: Foul Ball, location: 2F
1-1: Ball
2-1: Ball
3-1: Called Strike
3-2: Base on Balls
Batting: RHB Mark Cozens 0-0: Swinging Strike
0-1: Foul Ball, location: 2F
0-2: Strikes out swinging
Bottom of the 4th over - 0 runs, 0 hits, 0 errors, 2 left on base; University of Florida 9 - University of Maine 0
TOP OF THE 5TH
University of Florida Gators batting - Pitching for University of Maine Black Bears : LHP Carlos Rivera
Batting: RHB Marc Miles 0-0: Called Strike
0-1: Ground out 1-3 (Groundball, 13S, EV 75.0 MPH)
Batting: RHB Kazumi Inouye 0-0: Called Strike
0-1: Foul Ball, location: 2F
0-2: Foul Ball, location: 2F
0-2: Ball
1-2: Ground out 1-3 (Groundball, 13, EV 69.4 MPH)
Batting: RHB Marco Morales 0-0: SINGLE (Line Drive, 89M, EV 91.2 MPH)
Batting: RHB Mike Stein 0-0: Called Strike
0-1: Ball
1-1: Ball
2-1: Foul Ball, location: 2F
2-2: Ball
3-2: SINGLE (Line Drive, 34D, EV 108.8 MPH)
Marco Morales to second
Marco Morales to third
Batting: RHB Martin Dudley 0-0: Ball
1-0: Ball
Wild Pitch!
Marco Morales scores
Mike Stein to second
2-0: Called Strike
2-1: Foul Ball, location: 2F
2-2: Hit by Pitch
Pitching: RHP Ben Kasim
Batting: RHB Troy Bush 0-0: Foul Ball, location: 2F
0-1: Swinging Strike
0-2: Fly out, F3 (Line Drive, 3L, EV 75.0 MPH)
Top of the 5th over - 1 run, 2 hits, 0 errors, 2 left on base; University of Florida 10 - University of Maine 0
BOTTOM OF THE 5TH
University of Maine Black Bears batting - Pitching for University of Florida Gators : RHP Pete Griesser
Batting: RHB Geoffrey Gonzalez 0-0: Foul Ball, location: 2F
0-1: Foul Ball, location: 2F
0-2: SINGLE (Groundball, 4M, EV 109.4 MPH) (infield hit)
Batting: LHB Taro Inamine 0-0: Called Strike
0-1: Ball
1-1: Foul Ball, location: 2F
1-2: 2-RUN HOME RUN (Line Drive, 9LD, EV 92.5 MPH), Distance : 358 ft
Batting: SHB Jeremy Milner 0-0: Called Strike
0-1: Ball
1-1: Called Strike
1-2: Strikes out swinging
Batting: RHB Dennis Waters 0-0: Ball
1-0: Fly out, F8 (Flyball, 89M, EV 86.2 MPH)
Batting: RHB Jay Mellon 0-0: Called Strike
0-1: Called Strike
0-2: Foul Ball, location: 2F
0-2: Ball
1-2: Strikes out looking
Bottom of the 5th over - 2 runs, 2 hits, 0 errors, 0 left on base; University of Florida 10 - University of Maine 2
TOP OF THE 6TH
University of Florida Gators batting - Pitching for University of Maine Black Bears : RHP Ben Kasim
Batting: LHB Ivan Alvarez 0-0: SINGLE (Groundball, 6S, EV 72.5 MPH) (infield hit)
Batting: RHB Ryan Jennings 0-0: Ball
1-0: Called Strike
1-1: Swinging Strike
1-2: Foul Ball, location: 2F
1-2: Ball
2-2: Ball
3-2: Base on Balls
Ivan Alvarez to second
Batting: LHB Kuan Hsia 0-0: Called Strike
0-1: Ball
1-1: Ball
2-1: Ball
3-1: Base on Balls
Ivan Alvarez to third
Ryan Jennings to second
Batting: RHB Marc Miles 0-0: DOUBLE (Line Drive, 7LD, EV 110.6 MPH)
Ivan Alvarez scores
Ryan Jennings scores
Kuan Hsia to third
Batting: RHB Kazumi Inouye 0-0: Ball
1-0: Foul Ball, location: 2F
1-1: Foul Ball, location: 2F
1-2: Reached on error, E6 (Groundball, 6, EV 85.6 MPH)
Kuan Hsia scores
Marc Miles to third
Pitching: LHP German Baez
Batting: RHB Marco Morales 0-0: Ball
Wild Pitch!
Marc Miles scores
Kazumi Inouye to second
1-0: Ball
2-0: Fly out, F5 (Popup, 5S, EV 90.0 MPH)
Batting: RHB Mike Stein 0-0: Ball
1-0: Ball
2-0: Ground out 5-3 (Groundball, 56S, EV 85.0 MPH)
Batting: RHB Martin Dudley 0-0: Ball
1-0: Ball
2-0: Ball
3-0: Called Strike
3-1: Base on Balls
Batting: RHB Troy Bush 0-0: Foul Ball, location: 2F
0-1: Ball
1-1: Ball
2-1: Swinging Strike
2-2: Fly out, F8 (Flyball, 8LM, EV 92.5 MPH)
Top of the 6th over - 4 runs, 2 hits, 1 error, 2 left on base; University of Florida 14 - University of Maine 2
BOTTOM OF THE 6TH
University of Maine Black Bears batting - Pitching for University of Florida Gators : RHP Pete Griesser
Batting: RHB Geoffrey Potter 0-0: Called Strike
0-1: Ball
1-1: Swinging Strike
1-2: Strikes out swinging
Batting: RHB Colin Morris 0-0: Ball
1-0: Called Strike
1-1: Ball
2-1: Called Strike
2-2: Strikes out swinging
Batting: RHB Bobby Leon 0-0: Ball
1-0: Swinging Strike
1-1: Foul Ball, location: 2F
1-2: Ball
2-2: Strikes out swinging
Bottom of the 6th over - 0 runs, 0 hits, 0 errors, 0 left on base; University of Florida 14 - University of Maine 2
TOP OF THE 7TH
University of Florida Gators batting - Pitching for University of Maine Black Bears : LHP German Baez
Batting: LHB Ivan Alvarez 0-0: Ball
1-0: SINGLE (Groundball, 4MD, EV 94.4 MPH)
Pitching: LHP Danny Ortega
Batting: RHB Ryan Jennings 0-0: DOUBLE (Line Drive, 89D, EV 94.4 MPH)
Ivan Alvarez to third
Batting: LHB Kuan Hsia 0-0: Called Strike
0-1: Fly out, F6 (Popup, 6M, EV 59.4 MPH)
Batting: RHB Marc Miles 0-0: Called Strike
0-1: Swinging Strike
0-2: Ball
1-2: Strikes out swinging
Batting: RHB Kazumi Inouye 0-0: Fly out, F9 (Flyball, 9D, EV 99.4 MPH)
Top of the 7th over - 0 runs, 2 hits, 0 errors, 2 left on base; University of Florida 14 - University of Maine 2
BOTTOM OF THE 7TH
University of Maine Black Bears batting - Pitching for University of Florida Gators : RHP Pete Griesser
Pitching: RHP Jason Waite
Batting: RHB Mark Cozens 0-0: Foul Ball, location: 2F
0-1: Ball
1-1: Swinging Strike
1-2: Ball
2-2: Strikes out swinging
Batting: RHB Geoffrey Gonzalez 0-0: Called Strike
0-1: Called Strike
0-2: Strikes out swinging
Batting: LHB Taro Inamine 0-0: Foul Ball, location: 2F
0-1: Ball
1-1: DOUBLE (Groundball, 3L, EV 104.4 MPH)
Batting: SHB Jeremy Milner 0-0: Called Strike
0-1: Ball
1-1: Ball
2-1: Called Strike
2-2: Ball
3-2: Strikes out swinging
Bottom of the 7th over - 0 runs, 1 hit, 0 errors, 1 left on base; University of Florida 14 - University of Maine 2
TOP OF THE 8TH
University of Florida Gators batting - Pitching for University of Maine Black Bears : LHP Danny Ortega
Batting: RHB Marco Morales 0-0: DOUBLE (Line Drive, 9LM, EV 91.9 MPH)
Batting: RHB Mike Stein 0-0: 2-RUN HOME RUN (Flyball, 9D, EV 100.6 MPH), Distance : 398 ft
Batting: RHB Martin Dudley 0-0: Ball
1-0: Ball
2-0: Ball
3-0: Base on Balls
Batting: RHB Troy Bush 0-0: Ball
1-0: Fly out, F7 (Flyball, 78XD, EV 103.1 MPH)
Batting: LHB Ivan Alvarez 0-0: Ball
1-0: Ball
2-0: Grounds into double play, 5-4-3 (Groundball, 56S, EV 93.1 MPH)
Top of the 8th over - 2 runs, 2 hits, 0 errors, 0 left on base; University of Florida 16 - University of Maine 2
BOTTOM OF THE 8TH
University of Maine Black Bears batting - Pitching for University of Florida Gators : RHP Jason Waite
Batting: RHB Dennis Waters 0-0: SINGLE (Groundball, 5D, EV 99.4 MPH)
Batting: RHB Jay Mellon 0-0: Fielders Choice at 2nd, 3-6 (Groundball, 3S, EV 86.9 MPH)
Batting: RHB Geoffrey Potter 0-0: Ball
1-0: Ball
2-0: Ball
3-0: Fielders Choice at 2nd, 4-6 (Groundball, 4S, EV 83.8 MPH)
Batting: RHB Colin Morris 0-0: Foul Ball, location: 2F
0-1: Foul Ball, location: 2F
0-2: Foul Ball, location: 2F
0-2: Ball
1-2: Ball
2-2: Strikes out swinging
Bottom of the 8th over - 0 runs, 1 hit, 0 errors, 1 left on base; University of Florida 16 - University of Maine 2
TOP OF THE 9TH
University of Florida Gators batting - Pitching for University of Maine Black Bears : LHP Danny Ortega
Pitching: RHP Jimmy Hitchcock
Batting: RHB Ryan Jennings 0-0: Fly out, F3 (Popup, 3SF, EV 86.2 MPH)
Batting: LHB Kuan Hsia 0-0: Ball
1-0: Foul Ball, location: 2F
1-1: Called Strike
1-2: Strikes out swinging
Batting: RHB Marc Miles 0-0: Ball
1-0: Ball
2-0: Ball
3-0: Foul Ball, location: 2F
3-1: Base on Balls
Batting: RHB Kazumi Inouye 0-0: Foul Ball, location: 2F
0-1: Ball
1-1: Called Strike
1-2: Ball
2-2: DOUBLE (Line Drive, 5D, EV 96.9 MPH)
Marc Miles to third
Batting: RHB Marco Morales 0-0: Ball
1-0: Swinging Strike
1-1: Ground out 5-3 (Groundball, 56S, EV 85.0 MPH)
Top of the 9th over - 0 runs, 1 hit, 0 errors, 2 left on base; University of Florida 16 - University of Maine 2
BOTTOM OF THE 9TH
University of Maine Black Bears batting - Pitching for University of Florida Gators : RHP Jason Waite
Batting: RHB Bobby Leon 0-0: Ball
1-0: Called Strike
1-1: Foul Ball, location: 2F
1-2: Foul Ball, location: 2F
1-2: Ball
2-2: Foul Ball, location: 2F
2-2: Strikes out swinging
Batting: RHB Mark Cozens 0-0: Swinging Strike
0-1: Called Strike
0-2: Fly out, F4 (Popup, 34S, EV 66.2 MPH)
Batting: RHB Geoffrey Gonzalez 0-0: Swinging Strike
0-1: Called Strike
0-2: Ball
1-2: Foul Ball, location: 2F
1-2: Strikes out swinging
Bottom of the 9th over - 0 runs, 0 hits, 0 errors, 0 left on base; University of Florida 16 - University of Maine 2
Wednesday, June 22nd , 2022 - OOTP Baseball 23.4 Build 64